 Dungeon Crawl Stone Soup version 0.30-a0-728-gc68057be0a (webtiles) character file.

Game seed: 11636376742877766725

82 jimonade the Sneak (level 4, 0/23 HPs)
             Began as a Vine Stalker Brigand on Jan 31, 2023.
             Slain by an orc
             ... wielding a +0 short sword
              (2 damage)
             ... on level 3 of the Dungeon.
             The game lasted 00:03:42 (1558 turns).

jimonade the Sneak (Vine Stalker Brigand)           Turns: 1558, Time: 00:03:43

Health: 0/23       AC:  3    Str: 14    XL:     4   Next: 43%
Magic:  0/5        EV: 12    Int: 11    God:
Gold:   70         SH:  0    Dex: 17    Spells: 3/3 levels left

rFire   . . .      SeeInvis .    b - +0 dagger (venom)
rCold   . . .      Faith    .    (no shield)
rNeg    . . .      Spirit   +    m - +0 robe
rPois   .          Reflect  .    (no helmet)
rElec   .          Harm     .    c - +0 cloak
rCorr   .          Rampage  .    (no gloves)
Will    .....                    (no boots)
Stlth   +++                      (no amulet)
HPRegen 1.03/turn                (no ring)
MPRegen 0.09/turn                (no ring)

@: no status effects
A: fangs 2, regeneration 1, magic shield, antimagic bite, no potion heal 2
a: no special abilities


You were on level 3 of the Dungeon.
You visited 1 branch of the dungeon, and saw 3 of its levels.

You collected 70 gold pieces.

Inventory:

Hand Weapons
 a - a +2 dagger
 b - a +0 dagger of venom (weapon)
 l - a +0 arbalest
 p - a +0 sling
Missiles
 d - 9 poisoned darts (quivered)
 e - 3 curare-tipped darts
Armour
 c - a +0 cloak (worn)
 m - a +0 robe (worn)
Jewellery
 o - the ring of Uhuqaerro {rCorr Dex+4}
   (You found it on level 2 of the Dungeon)

   [ring of resist corrosion]

   Dex:       It affects your dexterity (+4).
   rCorr:     It protects you from acid and corrosion.
Scrolls
 g - 2 scrolls of teleportation {unknown}
 j - a scroll of enchant weapon {unknown}
Potions
 f - a potion of degeneration {unknown}
 h - a potion of curing {unknown}
 i - 3 potions of lignification {unknown}
 k - 3 potions of might {unknown}
 n - a potion of haste {unknown}


   Skills:
 + Level 1.9 Fighting
 * Level 3.2 Short Blades
 + Level 1.8 Throwing
 + Level 1.0 Dodging
 + Level 5.8 Stealth


You had 3 spell levels left.
You didn't know any spells.
Your spell library contained the following spells:

 Spells                   Type           Power      Damage    Failure   Level
 Apportation              Tloc           0%         N/A       34%         1
 Kindle Blastsparks       Fire/Tloc/Air  0%         2d10      71%         3
 Fulminant Prism          Conj/Hex       0%         3d5       98%         4
 Iskenderun's Mystic Bla  Conj/Tloc      0%         2d3       98%         4
 Alistair's Intoxication  Tmut/Pois      0%         N/A       100%        5
 Lee's Rapid Deconstruct  Erth           0%         3d4*      100%        5
 Yara's Violent Unravell  Hex/Tmut       0%         3d3       100%        5
 Enfeeble                 Hex            0%         N/A       100%        7


Dungeon Overview and Level Annotations

Branches:
Dungeon (3/15)

Altars:

Shops:
D:3 **


Innate Abilities, Weirdness & Mutations

You have extremely sharp teeth.
Your natural rate of healing is unusually fast.
When hurt, damage is shared between your health and your magic reserves.
Your bite disrupts and absorbs the magic of your enemies.
Potions cannot restore your health.


Message History

The adder bites you but does no damage.
You hit the adder.
The adder is poisoned.
The adder is moderately wounded.
The adder closely misses you.
You hit the adder but do no damage.
The adder looks as sick as possible!
The adder is heavily wounded.
The orc completely misses you. The adder bites you.
You are poisoned.
The adder poisons you!
You hit the adder.
You kill the adder!
You feel sick. The orc closely misses you.
You feel sick. The orc misses you.
The orc wizard attacks as you move away!
The orc wizard barely misses you.
You feel sick.
The orc wizard attacks as you move away!
The orc wizard hits you with a +0 dagger.
You feel sick.
There is an open door here.
You hit the orc wizard but do no damage.
The orc wizard is poisoned.
Your bite misses the orc wizard.
You feel sick. The orc closely misses you.
The orc hits you with a +0 short sword.
You hit the orc wizard but do no damage.
Your punch misses the orc wizard.
You feel sick.
You are no longer poisoned.
The orc misses you. The orc barely misses you. The orc misses you.
The orc wizard hits you with a +0 dagger.
You miss the orc wizard.
The orc wizard is lightly wounded.
The orc wizard hits you with a +0 dagger.
The orc misses you. The orc hits you with a +0 flail.
* * * LOW HITPOINT WARNING * * *
The orc hits you but does no damage.
You open the door.
The orc wizard hits you but does no damage.
The orc hits you with a +0 club. The orc hits you with a +0 flail.
* * * LOW HITPOINT WARNING * * *
The orc misses you. The orc attacks as you move away!
The orc hits you with a +0 short sword.
You die...

########## ###........##
###
........oo..###########.##
##.###.#@#..........#....
#.oo'.............##
#)#'#...........#.#
...#.##.#.#.###..#.#
###.#...###..# #..#†#
#.##.## ##.###..#.#
#.###†###.......... ..#
##.#.#####..#.# #.. ##.##
#..#.#


You could see an orc wizard (very poisoned) and 3 orcs.

Vanquished Creatures
  A gnoll (D:1)
  3 adders
  2 dart slugs
  An orc (D:3)
  4 endoplasms
  2 giant cockroaches (D:1)
  A goblin (D:1)
  3 jackals (D:2)
  4 ball pythons
  8 bats
  8 frilled lizards
  3 kobolds
  7 rats
47 creatures vanquished.

Notes
Turn   | Place    | Note
-------+----------+-------------------------------------------
     0 | D:1      | jimonade the Vine Stalker Brigand began the quest for the
                  | Orb.
     0 | D:1      | Reached XP level 1. HP: 11/11 MP: 2/2
    51 | D:1      | Reached skill level 5 in Stealth
    70 | D:1      | Reached XP level 2. HP: 15/15 MP: 3/3
   205 | D:1      | Found a faded altar of an unknown god.
   246 | D:1      | Reached XP level 3. HP: 5/18 MP: 2/4
  1026 | D:2      | Gained mutation: Your natural rate of healing is unusually
                  | fast. [Vine Stalker growth]
  1026 | D:2      | Reached XP level 4. HP: 10/23 MP: 3/5
  1258 | D:2      | Identified the ring of Uhuqaerro {rCorr Dex+4}
  1481 | D:3      | Found Yjug's General Store.
  1511 | D:3      | Reached skill level 1 in Dodging
  1533 | D:3      | Found Geesifue's Assorted Antiques.
  1558 | D:3      | Slain by an orc

Illustrated notes

Levels and vault maps discovered:
D:1:      grunt_arrival_lava_bath, layout_basic, chequers_ecumenical_altar_lobes
D:2:      kennysheep_big_flooded_room, layout_loops_cross,
          kennysheep_flooded_box, st_stairs_13
D:3:      layout_loops_ring, serial_shops, nicolae_shop_behind_doors,
          nicolae_shop_trees, shop, uniq_grinder, uniq_jessica

Skill      XL: |  1  2  3  4 |
---------------+-------------+-----
Stealth        | 5 |  5.8
Short Blades   | 2 3 |  3.2
Dodging        | 1 |  1.0
Fighting       | |  1.9
Throwing       | |  1.8

Action                     |  1- 3 |  4- 6 || total
---------------------------+-------+-------++-------
  Melee: Dagger            |    74 |    31 ||   105
         Bite              |    17 |     1 ||    18
   Stab: Sleeping          |     9 |     4 ||    13
 Armour: Robe              |    14 |     7 ||    21
  Dodge: Dodged            |    48 |    26 ||    74

Table legend: (Time is in decaauts)
 A = Elapsed time spent in this place.
 B = Non-inter-level travel time spent in this place.
 C = Inter-level travel time spent in this place.
 D = Time resting spent in this place.
 E = Time spent auto-exploring this place.
 F = Levels seen in this place.
 G = Mean time per level.
                   A        B        C        D        E       F      G
               +--------+--------+--------+--------+--------+-----+--------+
         Total |   1543 |   1406 |    137 |      0 |   1073 |   3 |  514.3 |
       Dungeon |   1543 |   1406 |    137 |      0 |   1073 |   3 |  514.3 |
               +--------+--------+--------+--------+--------+-----+--------+

Top non-repeatable levels by time:
     D:2: 828 daAuts
     D:1: 626 daAuts
     D:3: 88 daAuts
